Map: Frost LE

Players

Cyan

  • Race: Protoss Protoss

Nerchio - Winner!

  • Race: Zerg Zerg

Event: IEM Season 11 - Shanghai

VOD

Have the link to the VOD?

Description

Time

  • Played on: July 28, 2016, 10:13 a.m.
  • Length: 9:17

All games in this series

Show
View Real Time Build Order
Export as new Build Order

Cyan Protoss 

Build Orders: Nexus First 

Get SALT Encoding   

  12  0:00  Probe (Chrono Boost)  
  13  0:11  Probe (Chrono Boost)  
  14  0:17  Pylon  
  14  0:22  Probe (Chrono Boost)  
  16  0:35  Probe (Chrono Boost)  
  16  0:46  Probe (Chrono Boost)  
  17  0:57  Nexus  
  17  1:01  Probe (Chrono Boost)  
  18  1:13  Gateway  
  18  1:15  Probe (Chrono Boost)  
  19  1:21  Assimilator  
  19  1:25  Probe (Chrono Boost)  
  20  1:28  Assimilator  
  20  1:36  Probe (Chrono Boost)  
  21  1:42  Gateway  
  21  1:46  Probe (Chrono Boost)  
  22  1:57  Probe (Chrono Boost)  
  23  2:01  Cybernetics Core  
  23  2:09  Probe (Chrono Boost)  
  23  2:10  Probe (Chrono Boost)  
  25  2:20  Probe x2 (Chrono Boost)  
  27  2:28  Pylon  
  27  2:31  Probe x2 (Chrono Boost)  
  27  2:34  Adept  
  27  2:36  Stalker  
  29  2:41  Warp Gate  
  34  2:45  Probe (Chrono Boost)  
  34  2:47  Probe (Chrono Boost)  
  35  2:57  Probe (Chrono Boost)  
  37  2:59  Probe (Chrono Boost)  
  37  3:01  Sentry  
  39  3:06  Adept  
  39  3:08  Probe (Chrono Boost)  
  39  3:09  Pylon  
  39  3:11  Probe (Chrono Boost)  
  43  3:18  Probe (Chrono Boost)  
  44  3:22  Mothership Core (Chrono Boost)  
  44  3:23  Pylon  
  46  3:29  Probe (Chrono Boost)  
  51  3:39  Probe (Chrono Boost)  
  51  3:40  Probe (Chrono Boost)  
  49  3:48  Adept  
  49  3:50  Probe (Chrono Boost)  
  49  3:51  Probe (Chrono Boost)  
  50  3:56  Twilight Council  
  50  3:57  Gateway  
  50  4:00  Probe (Chrono Boost)  
  50  4:01  Probe (Chrono Boost), Adept  
  54  4:11  Probe (Chrono Boost)  
  54  4:12  Probe (Chrono Boost)  
  55  4:21  Probe (Chrono Boost)  
  55  4:22  Probe (Chrono Boost)  
  57  4:24  Resonating Glaives  
  56  4:33  Probe (Chrono Boost)  
  56  4:34  Probe (Chrono Boost)  
  56  4:35  Nexus  
  56  4:36  Pylon  
  58  4:41  Robotics Facility  
  58  4:45  Probe (Chrono Boost), Adept  
  61  4:47  Probe (Chrono Boost)  
  61  4:49  Pylon  
  62  4:54  Adept x2  
  62  4:58  Probe x2 (Chrono Boost)  
  66  5:08  Probe (Chrono Boost)  
  66  5:10  Probe (Chrono Boost), Adept  
  68  5:19  Probe (Chrono Boost)  
  70  5:21  Probe (Chrono Boost)  
  70  5:24  Adept, Warp Prism  
  70  5:25  Adept, Gateway  
  70  5:28  Gateway  
  74  5:31  Probe (Chrono Boost)  
  74  5:32  Probe (Chrono Boost)  
  78  5:37  Gateway  
  78  5:38  Gateway  
  78  5:41  Gateway  
  78  5:45  Gateway  
  78  5:47  Probe (Chrono Boost)  
  78  5:48  Probe (Chrono Boost)  
  78  5:49  Gateway  
  80  5:52  Probe (Chrono Boost)  
  80  5:55  Pylon  
  81  5:59  Adept  
  81  6:00  Adept  
  81  6:02  Adept  
  87  6:06  Pylon  
  87  6:08  Observer, Pylon  
  86  6:20  Adept x2  
  90  6:26  Pylon  
  90  6:28  Pylon  
  90  6:33  Adept x5  
  100  6:44  Adept x4  
  100  6:46  Adept  
  104  6:57  Adept x5  
  108  7:04  Adept x2  
  108  7:08  Adept  
  88  7:15  Adept  
  77  7:26  Adept x3  
  79  7:30  Probe (Chrono Boost), Pylon  
  79  7:31  Adept x4  
  77  7:38  Pylon  
  77  7:39  Adept  
  69  7:49  Adept x3  
  69  7:53  Adept  
  69  7:56  Sentry  
  65  8:00  Adept  
  65  8:05  Probe x2 (Chrono Boost)  
  67  8:06  Adept  
  60  8:12  Adept  
  54  8:20  Adept  
  54  8:24  Adept x2  
  54  8:26  Zealot x2  
  64  8:30  Adept  
  65  8:35  Adept  
  65  8:40  Adept  
  67  8:47  Stalker  
  67  8:48  Zealot x2  
  67  8:52  Probe (Chrono Boost)  
  67  8:54  Probe (Chrono Boost)  
  71  8:59  Stalker  
  71  9:00  Zealot  
  69  9:04  Zealot  
Show
View Real Time Build Order
Export as new Build Order

Nerchio Zerg - Winner!

Build Orders: Hatch First 

Get SALT Encoding   

  12  0:00  Drone  
  13  0:12  Overlord  
  13  0:17  Drone  
  14  0:31  Drone x2  
  14  0:34  Drone  
  17  0:52  Hatchery  
  17  0:55  Drone  
  17  0:58  Drone  
  17  1:02  Extractor  
  17  1:14  Spawning Pool  
  17  1:16  Drone  
  17  1:20  Drone  
  18  1:28  Drone  
  19  1:38  Overlord  
  19  1:49  Drone  
  20  2:00  Queen  
  22  2:03  Metabolic Boost, Queen  
  22  2:07  Zergling x2  
  25  2:10  Drone  
  25  2:13  Drone  
  27  2:16  Drone  
  27  2:22  Drone  
  29  2:29  Zergling x2  
  30  2:33  Zergling x2  
  31  2:42  Hatchery  
  31  2:44  Drone  
  31  2:47  Drone  
  31  2:49  Drone  
  33  2:53  Overlord  
  33  2:57  Drone  
  34  3:05  Drone  
  35  3:13  Drone x4, Zergling x4  
  35  3:15  Drone  
  42  3:27  Drone x2  
  42  3:30  Roach Warren  
  42  3:32  Drone  
  42  3:33  Lair  
  44  3:37  Overlord  
  44  3:41  Overlord  
  44  3:52  Zergling x2  
  44  3:54  Drone x2  
  44  3:55  Drone x4  
  49  4:00  Spore Crawler  
  48  4:07  Zergling x6  
  51  4:12  Zergling x8  
  51  4:15  Extractor  
  51  4:17  Zergling x4  
  55  4:27  Overlord  
  55  4:29  Roach x5  
  64  4:38  Overseer  
  64  4:40  Drone x2  
  64  4:41  Overlord  
  65  4:46  Drone  
  65  4:51  Drone x4  
  65  4:52  Drone  
  71  4:53  Drone x2  
  71  4:59  Queen, Overlord  
  73  5:04  Overlord  
  73  5:06  Evolution Chamber  
  73  5:18  Roach x6  
  84  5:23  Glial Reconstitution  
  84  5:26  Drone x4  
  87  5:28  Extractor  
  87  5:29  Drone x2  
  87  5:31  Drone  
  87  5:33  Drone  
  90  5:37  Overlord  
  92  5:43  Roach x2  
  92  5:46  Overlord  
  92  5:49  Overlord  
  94  5:52  Overlord  
  93  5:59  Zergling x12  
  93  6:00  Zergling x2  
  93  6:02  Ravager x2, Zergling x2  
  103  6:06  Extractor, Zergling x2  
  103  6:14  Roach  
  103  6:15  Roach x3  
  110  6:19  Roach  
  110  6:20  Queen  
  110  6:21  Queen x2  
  110  6:24  Ravager  
  119  6:32  Roach x3  
  122  6:34  Roach  
  124  6:44  Roach x3  
  124  6:47  Zergling x8  
  125  6:55  Roach  
  125  6:56  Roach  
  125  6:59  Zergling x2  
  130  7:01  Overlord x2  
  130  7:03  Queen, Overlord  
  130  7:05  Queen  
  129  7:08  Roach  
  129  7:10  Roach  
  129  7:15  Roach  
  129  7:17  Queen, Overlord  
  129  7:20  Roach  
  129  7:21  Roach x2  
  129  7:31  Roach  
  129  7:33  Roach  
  129  7:34  Roach  
  128  7:39  Queen  
  128  7:42  Roach x2  
  121  7:44  Hatchery, Roach  
  116  7:52  Roach  
  116  7:54  Queen, Roach x2  
  116  7:57  Roach x2  
  123  8:00  Roach  
  123  8:01  Roach  
  123  8:04  Roach  
  125  8:07  Roach  
  125  8:10  Roach  
  125  8:12  Zergling x10  
  130  8:17  Roach x2  
  130  8:19  Roach  
  133  8:26  Roach x2  
  137  8:28  Roach  
  137  8:31  Zergling x8  
  137  8:32  Zergling x4  
  145  8:39  Roach  
  145  8:40  Roach  
  149  8:46  Roach  
  149  8:48  Ravager  
  152  8:51  Roach  
  152  8:53  Roach x2  
  152  8:54  Zergling x4  
  152  8:55  Zergling x2  

Tags
 
Add a new tag
Caveats
  • Supply blocks, unpowered buildings, or Contaminate may cause inaccurate times.
  • Supply counts are checked every 10 seconds.